 Dungeon Crawl Stone Soup version 0.26.0-3-g156281e41b (webtiles) character file.

Game seed: 17916399109603238546

166 Tarl the Twirler (level 5, 0/41 HPs)
             Began as a Demonspawn Gladiator on Jan 9, 2021.
             Killed by divine providence
             ... invoked by an orc priest
              (12 damage)
             ... on level 4 of the Dungeon.
             The game lasted 00:05:51 (2962 turns).

Tarl the Twirler (Demonspawn Gladiator)             Turns: 2962, Time: 00:05:52

Health: 0/41       AC: 11    Str: 15    XL:     5   Next: 22%
Magic:  0/5        EV: 13    Int:  9    God:
Gold:   159        SH:  0    Dex: 15    Spells: 4/4 levels left

rFire    . . .     SeeInvis .   a - +0 quarterstaff
rCold    . . .     Faith    .   (shield currently unavailable)
rNeg     . . .     Spirit   +   b - +0 leather armour
rPois    .         Reflect  .   (helmet restricted)
rElec    .         Harm     .   h - +0 cloak
rCorr    .         Rampage  .   (no gloves)
Will     .....                  i - +0 pair of boots
Stlth    ++........             (no amulet)
HPRegen  0.13/turn              p - ring of stealth
MPRegen  0.09/turn              (no ring)

@: sanguine armour
A: horns 1, magic shield, sanguine armour 1
a: no special abilities


You were on level 4 of the Dungeon.
You visited 1 branch of the dungeon, and saw 4 of its levels.

You collected 159 gold pieces.

Inventory:

Hand Weapons
 a - a +0 quarterstaff (weapon)
 j - a +0 whip of freezing
 v - a +0 war axe
Missiles
 d - 2 throwing nets (quivered)
 k - 24 bolts
 q - 56 arrows
 s - 2 poisoned darts
Armour
 b - a +0 leather armour (worn)
 c - a +0 helmet
 h - a +0 cloak (worn)
 i - a +0 pair of boots (worn)
Jewellery
 p - a ring of stealth (left hand)
Scrolls
 e - a scroll of teleportation {unknown}
 g - 5 scrolls of identify
 o - a scroll of enchant armour {unknown}
 r - a scroll of remove curse {unknown}
 u - a scroll of amnesia {unknown}
Potions
 f - a potion of lignification {unknown}
 l - a potion of mutation {unknown}
 m - a potion of curing {unknown}
 n - 2 potions of attraction {unknown}
 t - a potion of degeneration {unknown}


   Skills:
 + Level 3.2 Fighting
 + Level 3.6 Staves
 + Level 2.8 Throwing
 + Level 3.5 Dodging


You had 4 spell levels left.
You didn't know any spells.
Your spell library was empty.

Dungeon Overview and Level Annotations

Branches:
Dungeon (4/15)
 Temple: D:4-7

Altars:
Ashenzari
Fedhas
Hepliaklqana
Trog
Vehumet


Innate Abilities, Weirdness & Mutations

You have a pair of small horns on your head.
When hurt, damage is shared between your health and your magic reserves.
When seriously injured, your bleeding wounds create armour. (AC +6)


Message History

The orc hits you but does no damage.
The orc priest mumbles some strange prayers to Beogh against you.
Pain shoots through your body!
Your blood congeals into armour.
The orc wizard hits you with a +0 dagger.
You barely miss the orc priest. Your headbutt misses the orc priest.
The orc priest is almost dead.
The orc wizard misses you. The orc closely misses you.
The orc priest barely misses you.
The orc priest calls down the wrath of Beogh upon you.
Beogh smites you!
* * * LOW HITPOINT WARNING * * *
The orc hits you but does no damage. The orc wizard misses you.
You hit the orc priest but do no damage.
You headbutt the orc priest, but do no damage.
The orc priest is almost dead.
The orc wizard hits you but does no damage.
The orc hits you but does no damage.
The orc priest mumbles some strange prayers to Beogh against you.
Beogh smites you!
You die...

#.# #.#
#######.#
........#
........#
........#
......oo#
.......@#
##....o.#
####.#.#
...#<#
### #.#
#<. #...
#...$
#.....


You could see an orc priest, an orc wizard (fast) and an orc.

Vanquished Creatures
  Ijyb (D:3)
  Jessica (D:2)
  4 adders
  A white imp (D:2)
  A worm (D:2)
  2 dart slugs (D:3)
  A leopard gecko (D:1)
  An orc (D:3)
  8 bats
  4 giant cockroaches
  2 goblins (D:3)
  8 hobgoblins
  10 jackals
  A ball python (D:3)
  4 frilled lizards
  10 kobolds
  4 rats
63 creatures vanquished.

Notes
Turn   | Place    | Note
-------+----------+-------------------------------------------
     0 | D:1      | Tarl the Demonspawn Gladiator began the quest for the Orb.
     0 | D:1      | Reached XP level 1. HP: 16/16 MP: 1/1
    92 | D:1      | Gained mutation: When hurt, damage is shared between your
                  | health and your magic reserves. [demonic ancestry]
    92 | D:1      | Reached XP level 2. HP: 17/22 MP: 2/2
   847 | D:2      | Reached XP level 3. HP: 28/28 MP: 3/3
   926 | D:2      | Noticed Jessica
   939 | D:2      | Killed Jessica
  1300 | D:2      | Gained mutation: When seriously injured, your bleeding
                  | wounds create armour. (AC +6) [demonic ancestry]
  1300 | D:2      | Reached XP level 4. HP: 29/34 MP: 4/4
  1431 | D:2      | Found a radiant altar of Vehumet.
  2144 | D:3      | Found a hazy altar of Hepliaklqana.
  2370 | D:3      | Noticed Ijyb
  2389 | D:3      | Killed Ijyb
  2390 | D:3      | Gained mutation: You have a pair of small horns on your
                  | head. [demonic ancestry]
  2390 | D:3      | Reached XP level 5. HP: 40/41 MP: 5/5
  2904 | D:3      | Found a blossoming altar of Fedhas.
  2904 | D:3      | Found a faded altar of an unknown god.
  2909 | D:3      | Found a broken altar of Ashenzari.
  2911 | D:3      | Found a faded altar of an unknown god.
  2912 | D:3      | Found a bloodstained altar of Trog.
  2962 | D:4      | Killed from afar by an orc priest

Illustrated notes

Levels and vault maps discovered:
D:1:      dpeg_arrival_stonehenge_8_columns, layout_basic, minmay_heptomino_o4
D:2:      layout_basic, general_overflow_altar, minivault_26, uniq_jessica
D:3:      layout_loops_corners, marbit_many_paths,
          chequers_temple_overflow_minitemple, minmay_unequal, uniq_ijyb
D:4:      layout_rooms, grunt_temple_overflow_holy_war, gup_sewer_entry_spiral,
          amcnicky_mini_rare_corridor_liquid, uniq_crazy_yiuf_cottage

Skill      XL: |  1  2  3  4 |
---------------+-------------+-----
Throwing       | 2 |  2.8
Staves         | 3 |  3.6
Dodging        | 3 |  3.5
Fighting       | 3 |  3.2

Action                   |  1- 3 |  4- 6 || total
-------------------------+-------+-------++-------
Melee: Quarterstaff      |    89 |    97 ||   186
       Headbutt          |       |     6 ||     6
Throw: Throwing net      |     2 |     2 ||     4
       Dart              |       |     1 ||     1
  Use: Scroll            |     1 |       ||     1
       Potion            |       |     1 ||     1
 Stab: Sleeping          |       |     5 ||     5
Armor: Leather armour    |    46 |    38 ||    84
Dodge: Dodged            |    88 |    88 ||   176
